 Dungeon Crawl Stone Soup version 0.31.0-11-ge490571c62 (webtiles) character file.

Game seed: 10448967247113981257

18 Goblin1989 the Ruffian (level 2, -4/21 HPs)
             Began as a Demonspawn Shapeshifter on Jan 27, 2024.
             Slain by Sigmund
             ... wielding a +2 heavy scythe
              (22 damage)
             ... on level 2 of the Dungeon.
             The game lasted 00:04:13 (997 turns).

Goblin1989 the Ruffian (Demonspawn Shapeshifter)     Turns: 997, Time: 00:04:14

Health: -4/21      AC:  2    Str: 14    XL:     2   Next: 48%
Magic:  2/2        EV: 12    Int: 10    God:
Gold:   37         SH:  0    Dex: 12    Spells: 1/1 levels left

rFire   . .          .
                       - Unarmed
rCold   . . .        (no shield)
rNeg    . . .        a - +0 animal skin
rPois   .            (helmet currently unavailable)
rElec   .            (cloak currently unavailable)
rCorr   .            (gloves currently unavailable)
SInv    .            (boots currently unavailable)
Will    .....        (no amulet)
Stlth   +            (no ring)
HPRegen 0.23/turn    (no ring)
MPRegen 0.08/turn

%: no passive effects
@: beast-form, hasted, invisible, very quick
A: beast (slay +1), demonic magic 1
a: Begin Untransformation


You were on level 2 of the Dungeon.
You were a hulking beast.
You visited 1 branch of the dungeon, and saw 2 of its levels.

You collected 37 gold pieces.

Inventory:

Hand Weapons
 j - a +0 longbow
 l - a +0 demon trident
Armour
 a - a +0 animal skin (worn)
Talismans
 c - a beast talisman (active)
 d - a flux talisman
Scrolls
 e - a scroll of teleportation {unknown}
 f - a scroll of fog {unknown}
 h - a scroll of summoning {unknown}
 k - a scroll of brand weapon {unknown}
Potions
 b - a potion of lignification
 m - a potion of brilliance {unknown}


   Skills:
 + Level 1.3 Fighting
 + Level 2.0 Dodging
 * Level 3.0 Unarmed Combat
 + Level 2.8 Shapeshifting


You had one spell level left.
You didn't know any spells.
Your spell library was empty.

Dungeon Overview and Level Annotations

Branches:
Dungeon (2/15) Zot: 11012

Altars:
Xom

Annotations:
D:2 Sigmund


Innate Abilities, Weirdness & Mutations

You are a hulking beast.
Your limbs bulge with bestial killing power. (Slay +1)
Spells you cast may paralyse adjacent enemies.


Message History

HP restored.
Health restored: 21 There's nothing to open nearby.
There's nothing to open nearby.
Press: ? - help, . - travel You can't see that place. [the floor.]
Press: ? - help, v - describe, . - travel The floor.
There is an open door here.
There is an open gate here.
There is an open door here.
There is an open door here.
You open the door.
There is an open door here.
k - a scroll labelled RIRAGHUUXU You open the door.
There is an open door here.
There is an open door here.
As you open the door, it creaks loudly!
There is an open door here.
You open the door.
There is an open door here.
You open the door. You open the door.
Found a spear.
You open the door.
There is an open door here.
There is an open door here.
There is an open door here.
There is a stone staircase leading down here.
You open the door.
There is an open door here.
There is an open gate here.
There is an open door here.
Done exploring.
Done exploring.
There is a stone staircase leading down here.
You climb downwards.
Found a fuming sapphire potion.
Found a shimmering altar of Xom.
Found a stone staircase leading up.
There is a stone staircase leading up here.
Found a demon trident.
Found 3 poisoned darts.
A goblin comes into view.
It is wielding a +0 dagger of distortion.
You see here a fuming sapphire potion.
You see here a +0 demon trident.
l - a +0 demon trident
There is a shimmering altar of Xom here.
m - a fuming sapphire potion Key pressed, stopping explore.
Sigmund the Dreaded comes into view.
He is wielding a +2 heavy scythe.
Unknown command.
Sigmund gestures at you while chanting.
You are confused.
Sigmund says, "Don't worry, I'll kill you fast."
It was a potion of haste.
You feel yourself speed up. Sigmund closely misses you.
You're too confused to move!
You bump into the rock wall.
It was a potion of invisibility.
You fade into invisibility!
Sigmund casts a spell at something.
You feel less confused.
Sigmund screams, "You will never...
NEVER!!!"
Sigmund laughs darkly.
Sigmund hits you with a +2 heavy scythe.
You take 4 damage, and have 17/21 hp.
You hit Sigmund.
Sigmund is lightly wounded.
You barely miss Sigmund.
Sigmund is lightly wounded.
The goblin shouts!
You hit Sigmund. Your punch misses Sigmund.
Sigmund is moderately wounded.
The goblin shouts!
You hit Sigmund but do no damage.
Sigmund is moderately wounded.
Sigmund completely misses you.
You hit Sigmund.
Sigmund is moderately wounded.
You barely miss Sigmund.
Sigmund is moderately wounded.
You hit Sigmund.
Sigmund is heavily wounded.
You closely miss Sigmund.
Sigmund is heavily wounded.
Sigmund gestures at you while chanting.
You are confused.
You bump into the rock wall.
Sigmund hits you from afar with a +2 heavy scythe.
You take 1 damage, and have 17/21 hp.
You bump into the rock wall.
Sigmund giggles. "Time to reap what you sow."
The goblin shouts!
You feel less confused.
Sigmund hits you with a +2 heavy scythe!!
Ouch! That really hurt!
You die...
Sigmund begins carving another notch in his scythe.

█ █.........█ ....
.████........<█ ...██
.............██ .....
...██.........█
██.█...
..............███....█
█........<....█....█
██..........█....███
██.........█......█
█...⌂.....██.h....█
................(@..██
█.███......█........█
█ █.....██..........█
█.....███████.....█
█.....█ █..g..█
█.....█ █.....█
███.... █......█
.......


You could see Sigmund (unable to see you) and a goblin (unable to see you).

Vanquished Creatures
  4 ball pythons (D:1)
  2 bats (D:1)
  3 jackals (D:1)
  A quokka (D:1)
  5 kobolds (D:1)
  3 rats (D:1)
18 creatures vanquished.

Notes
Turn   | Place    | Note
-------+----------+-------------------------------------------
     0 | D:1      | Goblin1989 the Demonspawn Shapeshifter began the quest for
                  | the Orb.
     0 | D:1      | Reached XP level 1. HP: 15/15 MP: 1/1
   273 | D:1      | Gained mutation: Spells you cast may paralyse adjacent
                  | enemies. [demonic ancestry]
   273 | D:1      | Reached XP level 2. HP: 21/21 MP: 2/2
   324 | D:1      | Reached skill level 3 in Unarmed Combat
   947 | D:2      | Found a shimmering altar of Xom.
   970 | D:2      | Noticed Sigmund
   997 | D:2      | Slain by Sigmund

Illustrated notes

Levels and vault maps discovered:
D:1:      dpeg_arrival_water_fire, layout_basic
D:2:      layout_rooms, basic_altar, hangedman_decor_push, uniq_sigmund

Skill      XL: |  1  2 |
---------------+-------+-----
Dodging        | 2 |  2.0
Unarmed Combat | 3 |  3.0
Fighting       | |  1.3
Shapeshifting  | |  2.8

Action                     || total
---------------------------++-------
  Melee: Unarmed           ||    48
         Punch             ||     1
    Use: Potion            ||     2
 Armour: Animal skin       ||    23
  Dodge: Dodged            ||    33
   Form: Beast             ||     1
